 Dungeon Crawl Stone Soup version 0.19-a0-1216-g363869b (webtiles) character file.

725 jakamitsu the Cleaver (level 7, 0/57 HPs)
             Began as a Minotaur Berserker on Aug 23, 2016.
             Was a Priest of Trog.
             Slain by Prince Ribbit (4 damage)
             ... on level 5 of the Dungeon.
             The game lasted 00:10:06 (4668 turns).

jakamitsu the Cleaver (Minotaur Berserker)          Turns: 4668, Time: 00:10:07

Health: 0/57       AC: 14    Str: 23    XL:     7   Next: 43%
Magic:  6/6        EV:  8    Int:  4    God:    Trog [***...]
Gold:   216        SH:  0    Dex: 10    Spells: 0 memorised, 6 levels left

rFire  . . .     SeeInvis .     a - +0 hand axe
rCold  . . .     Gourm    .     i - +1 chain mail
rNeg   . . .     Faith    .     (no shield)
rPois  .         Spirit   .     (helmet restricted)
rElec  .         Dismiss  .     s - +2 cloak
rCorr  .         Reflect  .     (no gloves)
MR     .....     Harm     .     w - +0 pair of boots
Stlth  ..........               (no amulet)
                                (no ring)
                                (no ring)

@: exhausted, slowed, very slow
A: retaliatory headbutt, horns 2
a: Berserk, Trog's Hand, Burn Spellbooks, Renounce Religion


You were on level 5 of the Dungeon.
You worshipped Trog.
Trog was most pleased with you.
You were hungry.

You visited 1 branch of the dungeon, and saw 5 of its levels.

You collected 216 gold pieces.

Inventory:

Hand Weapons
 a - a +0 hand axe (weapon)
Armour
 i - a +1 chain mail (worn)
 s - a +2 cloak (worn)
 w - a +0 pair of boots (worn)
Scrolls
 b - a scroll of remove curse
 h - a scroll of enchant armour
 p - 3 scrolls of teleportation
 r - 2 scrolls of identify {@r1}
 t - a scroll of recharging
 u - a scroll of blinking
Potions
 d - a potion of magic {unknown}
 e - 4 potions of curing
 g - 3 potions of might
 j - 5 potions of brilliance {unknown}
 k - 2 potions of berserk rage
 m - 2 potions of heal wounds
 n - a potion of resistance {unknown}
 o - a potion of cancellation {unknown}
 v - a potion of invisibility {unknown}
Comestibles
 c - 4 bread rations
 f - a slice of pizza
 l - 4 fruits
 q - 2 chunks of flesh


   Skills:
 - Level 3.6 Fighting
 + Level 10.4 Axes
 - Level 2.4 Armour
 - Level 2.1 Dodging


You had 6 spell levels left.
You didn't know any spells.

Dungeon Overview and Level Annotations

Branches:
Dungeon (5/15)             Temple (0/1) D:5

Altars:
Nemelex Xobeh

Annotations:
D:5 Prince Ribbit


Innate Abilities, Weirdness & Mutations

You reflexively headbutt those who attack you in melee.
You have a pair of horns on your head.


Message History

Prince Ribbit blinks!
You feel a strong urge to attack something.
Prince Ribbit blinks!
You feel your anger subside.
You are no longer berserk.
You are exhausted.
You feel yourself slow down.
You are feeling hungry.
Prince Ribbit hops awkwardly around.
You hit Prince Ribbit.
Prince Ribbit mumbles some strange words.
Prince Ribbit looks slightly unstable.
You hit Prince Ribbit but do no damage. Your headbutt misses Prince Ribbit.
Prince Ribbit hits you.
* * * LOW HITPOINT WARNING * * *
Prince Ribbit hops awkwardly around.
Prince Ribbit hits you but does no damage.
You closely miss Prince Ribbit. Your headbutt misses Prince Ribbit.
Prince Ribbit hits you.
You die...

#.# #.# ######.#### #####
#........$# ....#
#..ยง.....>#
....########.........####
.(..'.....(..............
....#############.#.####
................@........
....##########.F.......##
....# #.........+ ....#
#.........# ....#
#..?......# .....
..####+#### ..... ...
..... #...


You could see Prince Ribbit.

Vanquished Creatures
  A phantom (D:4)
  An ogre (D:4)
  A centaur (D:4)
  A giant frog zombie (D:4)
  A hound (D:4)
  A giant frog skeleton (D:4)
  2 orc wizards (D:4)
  Terence (D:3)
  3 worker ants (D:4)
  11 adders
  A gnoll (D:4)
  4 oozes
  2 worms
  A dart slug (D:1)
  2 giant geckos
  9 orcs
  5 giant cockroaches
  13 goblins
  7 hobgoblins
  4 jackals (D:2)
  A quokka (D:2)
  6 ball pythons (D:3)
  A ball python zombie (D:5)
  9 bats
  2 giant gecko skeletons (D:4)
  3 giant newts
  9 kobolds
  2 rats (D:3)
104 creatures vanquished.

Notes
Turn   | Place    | Note
-------+----------+-------------------------------------------
     0 | D:1      | jakamitsu the Minotaur Berserker began the quest for the Orb.
     0 | D:1      | Reached XP level 1. HP: 19/19 MP: 0/0
   101 | D:1      | Reached skill level 4 in Axes
   101 | D:1      | Reached XP level 2. HP: 22/26 MP: 1/1
   887 | D:2      | Reached skill level 5 in Axes
   914 | D:2      | Reached XP level 3. HP: 31/31 MP: 2/2
  1379 | D:2      | Found a sparkling altar of Nemelex Xobeh.
  1388 | D:2      | Reached ** piety under Trog
  1717 | D:3      | Reached XP level 4. HP: 39/39 MP: 3/3
  1871 | D:3      | Noticed Terence
  1879 | D:3      | Killed Terence
  1879 | D:3      | Reached skill level 6 in Axes
  2584 | D:3      | Reached XP level 5. HP: 45/45 MP: 4/4
  2624 | D:3      | Reached skill level 7 in Axes
  2893 | D:4      | Reached skill level 8 in Axes
  2899 | D:4      | Reached XP level 6. HP: 51/51 MP: 5/5
  2913 | D:4      | Reached *** piety under Trog
  3575 | D:4      | Reached skill level 9 in Axes
  3973 | D:4      | Reached XP level 7. HP: 7/57 MP: 6/6
  4372 | D:4      | Reached skill level 10 in Axes
  4563 | D:5      | Entered Level 5 of the Dungeon
  4643 | D:5      | Noticed Prince Ribbit
  4651 | D:5      | Found a staircase to the Ecumenical Temple.
  4668 | D:5      | Slain by Prince Ribbit

Vault maps used:
D:1:      dpeg_arrival_ternary
D:2:      nemelex_dance_club_becter
D:3:      minmay_snake_closets, uniq_terence
D:4:      kennysheep_the_goblin_king, grunt_tough_drop
D:5:      first_bread, uniq_edmund, uniq_prince_ribbit1,
          uniq_crazy_yiuf_cottage, uniq_eustachio

Skill      XL: |  1  2  3  4  5  6  7 |
---------------+----------------------+-----
Axes           | 4 5 6 8 9 10 | 10.4
Fighting       | |  3.6
Armour         | |  2.4
Dodging        | |  2.1

Action                   |  1- 3 |  4- 6 |  7- 9 || total
-------------------------+-------+-------+-------++-------
Melee: Hand axe          |    92 |   157 |    59 ||   308
       Headbutt          |    14 |    27 |    14 ||    55
Invok: Berserk           |       |     3 |     1 ||     4
  Use: Scroll            |     5 |     4 |     1 ||    10
  Eat: Chunk             |     3 |     9 |     3 ||    15
Armor: Animal skin       |     5 |       |       ||     5
       Chain mail        |    36 |    90 |    17 ||   143
Dodge: Dodged            |    48 |    71 |    19 ||   138
